 Dungeon Crawl Stone Soup version 0.18-a0-1649-g8d9735b (webtiles) character file.

1370 namelastname112 the Chopper (level 8, -5/105 HPs)
             Began as a Yellow Draconian Chaos Knight on Mar 29, 2016.
             Slain by namelastname112's ghost (17 damage)
             ... on level 6 of the Dungeon.
             The game lasted 00:08:59 (5976 turns).

namelastname112 the Chopper (DrCK)                  Turns: 5976, Time: 00:09:00

Health: -5/105     AC:  7    Str: 19    XL:     8   Next: 38%
Magic:  11/11      EV: 14    Int: 12    God:    Xom [...*..]
Gold:   152        SH:  0    Dex: 14    Spells: 0 memorised, 7 levels left

rFire  . . .     SeeInvis .     a - +0 hand axe (chaos)
rCold  . . .     Gourm    .     (armour unavailable)
rNeg   . . .     Faith    .     (no shield)
rPois  .         Spirit   .     (helmet restricted)
rElec  .         Dismiss  .     (no cloak)
rCorr  +         Reflect  .     (no gloves)
SustAt +         Harm     .     (no boots)
MR     .....                    v - amulet of rage
Stlth  ..........               (no ring)
                                t - ring of sustain attributes

@: berserking, drained, very quick, not resistant to hostile enchantments,
extremely unstealthy
A: spit acid, acid resistance, unfitting armour, shaggy fur 1, cold-blooded, AC
+6
a: Spit Acid, Renounce Religion, Evoke Berserk Rage


You were on level 6 of the Dungeon.
You worshipped Xom.
You were a favourite toy of Xom.
You were not hungry.

You visited 1 branch of the dungeon, and saw 6 of its levels.

You collected 152 gold pieces.

Inventory:

Hand Weapons
 a - a +0 hand axe of chaos (weapon)
Jewellery
 l - an uncursed amulet of guardian spirit
 t - a ring of sustain attributes (left hand)
 v - an amulet of rage (around neck)
Wands
 g - a wand of digging (11/24)
Scrolls
 d - 2 scrolls of fog {unknown}
 h - 3 scrolls of recharging {unknown}
 i - 2 scrolls of enchant armour {unknown}
 j - a scroll of magic mapping {unknown}
 m - a scroll of identify
 n - a scroll of noise {unknown}
 o - 4 scrolls of amnesia {unknown}
Potions
 c - a potion of ambrosia {unknown}
 e - a potion of might
 k - a potion of lignification {unknown}
 q - a potion of curing
 s - a potion of mutation {unknown}
Comestibles
 b - 3 bread rations
 f - 2 fruits
 r - 4 chunks of flesh
 u - 2 meat rations


   Skills:
 + Level 5.8(4.7) Fighting
 * Level 7.2(6.1) Axes
 + Level 4.9(3.8) Dodging
 * Level 4.2(3.1) Evocations


You had 7 spell levels left.
You didn't know any spells.

Dungeon Overview and Level Annotations

Branches:
Dungeon (6/15)             Temple (0/1) D:5

Altars:
Cheibriados
Dithmenos
Elyvilon
Yredelemnul

Annotations:
D:6 namelastname112's ghost, novice DrGl


Innate Abilities, Weirdness & Mutations

You can spit globs of acid.
You are resistant to acid.
Your golden yellow scales are hard (AC +6).
Your body does not fit into most forms of armour.
You are cold-blooded and may be slowed by cold attacks.
You are covered in fur (AC +1).


Message History

Namelastname112's ghost barely misses you.
Drink which item? (? for menu, Esc to quit)
Okay, then.
You fail to use your ability.
Namelastname112's ghost breathes negative energy at you.
The bolt of negative energy misses you.
The bolt of negative energy hits your white imp.
Your white imp completely resists.
You fail to use your ability.
Namelastname112's ghost hits you!
* * * LOW HITPOINT WARNING * * *
You fail to use your ability.
Namelastname112's ghost closely misses you.
A red film seems to cover your vision as you go berserk!
You feel yourself moving faster!
You feel mighty!
Namelastname112's ghost hits you but does no damage.
You hit namelastname112's ghost.
Namelastname112's ghost is severely damaged.
Namelastname112's ghost hits you!
You die...
Xom howls with laughter!

*,,,,,,,* , ,* ** *,* *
,,,,,.,*** , #,* ,, **,...,,
* *, *###.#######...., ,* ,
*..............., ,* ,
,*#......###..., ,* ##+ *,
######.#....# ** #.. *
#5#....# #.. *, #@#(...# #..
*##.#######W#....# #..
.....W.....#....# #..
.#.#########...)#########..
*....a..........))..........
*##.#########...............
*, #####........... ***, ***
#........... ,, ,,,,
#...........


You could see namelastname112's ghost and a friendly white imp.

Vanquished Creatures
  A human (D:3)
  3 phantoms
  A sky beast (D:3)
  A giant frog (D:6)
  4 wights (D:5)
  The ghost of corax the Ducker, a weakling SpFi (D:4)
  A giant frog zombie (D:5)
  2 jellies
  5 orc priests
  3 orc wizards
  A human zombie (D:3)
  2 giant frog skeletons
  An iguana (D:5)
  A hound skeleton (D:4)
  8 adders
  2 oozes
  An adder skeleton (D:5)
  3 worms
  A dart slug (D:3)
  2 giant geckos
  21 orcs
  4 giant cockroaches
  3 goblins
  6 hobgoblins
  4 jackals (D:2)
  5 kobolds
  2 quokkas (D:4)
  3 ball pythons
  9 bats
  6 giant newts
  A jackal zombie (D:3)
  10 rats
118 creatures vanquished.

Vanquished Creatures (others)
  An orc (D:6)
  A plant (D:5)
2 creatures vanquished.

Grand Total: 120 creatures vanquished

Notes
Turn   | Place    | Note
--------------------------------------------------------------
     0 | D:1      | namelastname112 the Draconian Chaos Knight began the quest for the Orb.
     0 | D:1      | Reached XP level 1. HP: 19/19 MP: 1/1
   248 | D:1      | Reached XP level 2. HP: 23/26 MP: 2/2
   609 | D:2      | Reached XP level 3. HP: 31/31 MP: 3/3
   743 | D:2      | XOM: mild Ice miscast
   864 | D:2      | Reached skill level 4 in Axes
   947 | D:2      | Reached XP level 4. HP: 40/40 MP: 4/4
  1268 | D:3      | XOM: divination: detect creatures
  1313 | D:3      | XOM: harmless Conj miscast
  1364 | D:3      | Found a runed door.
  1364 | D:3      | Noticed a human
  1367 | D:3      | Found a basalt altar of Yredelemnul.
  1368 | D:3      | XOM: divination: magic mapping
  1726 | D:3      | Reached XP level 5. HP: 32/46 MP: 2/5
  1900 | D:3      | XOM: potion effect (brilliance)
  1905 | D:3      | XOM: confusion
  1919 | D:3      | Killed a human
  1919 | D:3      | Reached skill level 5 in Axes
  1919 | D:3      | Reached XP level 6. HP: 6/53 MP: 1/6
  2263 | D:3      | Noticed a sky beast
  2286 | D:3      | Killed a sky beast
  2636 | D:3      | XOM: summons 2 hostile demons
  2637 | D:3      | Noticed a hellwing
  2648 | D:3      | XOM: chaos cloud
  2898 | D:3      | XOM: 1-stop teleportation journey
  2937 | D:3      | XOM: noise
  2995 | D:3      | XOM: summons 4 hostile shadow creatures
  3000 | D:3      | XOM: polymorph gnoll -> bat
  3400 | D:4      | Reached skill level 6 in Axes
  3450 | D:4      | XOM: enchant monster (good)
  3458 | D:4      | Reached skill level 5 in Fighting
  3458 | D:4      | Reached skill level 1 in Evocations
  3458 | D:4      | Your scales start taking on a golden yellow colour.
  3458 | D:4      | Reached XP level 7. HP: 41/61 MP: 7/7
  3652 | D:4      | Got a jewelled whip
  3653 | D:4      | Identified the +8 whip of Oozing Pus {venom, *Noise rN+ MR+ SInv} (You found it on level 4 of the Dungeon)
  3686 | D:4      | Noticed corax's ghost (weakling SpFi)
  3699 | D:4      | XOM: mild Divn miscast
  3707 | D:4      | Killed corax's ghost
  4334 | D:4      | Found a shadowy altar of Dithmenos.
  4338 | D:4      | Found a snail-covered altar of Cheibriados.
  4340 | D:4      | Found a white marble altar of Elyvilon.
  4394 | D:4      | XOM: colour smoke trail
  4441 | D:5      | Entered Level 5 of the Dungeon
  4563 | D:5      | Found a staircase to the Ecumenical Temple.
  4909 | D:5      | Reached XP level 8. HP: 39/69 MP: 10/10
  4922 | D:5      | XOM: enchant monster (bad)
  5007 | D:5      | XOM: summons 4 hostile demons
  5168 | D:5      | XOM: give mutation
  5168 | D:5      | Gained mutation: You are covered in fur (AC +1). [Xom's grace]
  5395 | D:5      | Reached skill level 7 in Axes
  5854 | D:6      | Noticed namelastname112's ghost (novice DrGl)
  5860 | D:6      | XOM: divination: detect items
  5863 | D:6      | XOM: divination: magic mapping
  5868 | D:6      | XOM: swap monsters
  5878 | D:6      | XOM: confuse monster(s)
  5900 | D:6      | XOM: 1-stop teleportation journey
  5943 | D:6      | XOM: 2-stop teleportation journey
  5960 | D:6      | XOM: divination: detect items
  5968 | D:6      | XOM: summons friendly white imp
  5968 | D:6      | HP: 3/70 [namelastname112's ghost/bolt of negative energy (34)]
  5976 | D:6      | Slain by namelastname112's ghost

Vault maps used:
D:1:      eino_arrival_water_star
D:3:      dk_yredelemnul_ordeal
D:4:      minitemple
D:5:      minmay_temple_entry_poolview, first_bread, hangedman_decor_riveting,
          minmay_door_square, saegor_snake_ambush
D:6:      kennysheep_little_box

Skill      XL: |  1  2  3  4  5  6  7  8 |
---------------+-------------------------+-----
Axes           | 4 5 6 7 |  7.2
Dodging        | 3 4 |  4.9
Fighting       | 4 5 |  5.8
Evocations     | 1 3 4 |  4.2

Action                   |  1- 3 |  4- 6 |  7- 9 || total
-------------------------+-------+-------+-------++-------
Melee: Hand axe          |   128 |   193 |   239 ||   560
       Whip              |       |       |    19 ||    19
 Abil: Spit Acid         |       |       |     9 ||     9
       Evoke Berserk Rag |       |       |     3 ||     3
  Use: Potion            |       |     1 |     3 ||     4
       Scroll            |       |     6 |       ||     6
 Stab: Sleeping          |     1 |     1 |       ||     2
       Distracted        |       |     1 |       ||     1
       Petrifying        |       |     1 |       ||     1
       Paralysed         |       |     1 |       ||     1
  Eat: Chunk             |       |     8 |     7 ||    15
       Beef jerky        |       |       |     1 ||     1
       Fruit             |       |       |     2 ||     2
       Pizza             |       |       |     1 ||     1
